Map: King's Cove LE

Players

Denver - Winner!

  • Race: Zerg Zerg
  • Spawn Location: 5:00

Lillekanin

  • Race: Terran Terran
  • Spawn Location: 11:00

Event: 2019 WCS Summer

VOD

Have the link to the VOD?

Description

Time

  • Played on: July 12, 2019, 6:20 a.m.
  • Length: 7:04

All games in this series

Show
View Real Time Build Order
Export as new Build Order

Denver Zerg - Winner!

Build Orders: Hatch First 

Get SALT Encoding   

  12  0:00  Drone  
  13  0:13  Overlord  
  13  0:17  Drone  
  14  0:31  Drone x2  
  16  0:49  Hatchery  
  15  0:52  Drone  
  15  0:56  Drone  
  17  1:01  Drone  
  18  1:11  Extractor  
  17  1:15  Spawning Pool  
  17  1:18  Drone  
  17  1:22  Drone  
  18  1:28  Drone  
  19  1:39  Drone  
  20  1:50  Drone  
  21  2:02  Queen x2  
  21  2:03  Zergling x4  
  27  2:12  Metabolic Boost  
  27  2:13  Overlord  
  27  2:16  Drone  
  27  2:23  Zergling x2  
  27  2:32  Overlord  
  27  2:37  Zergling x4  
  29  2:44  Queen  
  30  2:52  Zergling x4  
  31  3:04  Zergling x4  
  30  3:08  Zergling x2  
  30  3:09  Zergling x2  
  31  3:14  Zergling x4  
  31  3:17  Zergling x6  
  34  3:26  Queen  
  35  3:29  Zergling x4  
  37  3:43  Drone x2  
  41  3:50  Drone x2  
  43  3:56  Overlord  
  43  3:58  Overlord  
  43  4:04  Overlord  
  43  4:07  Overlord  
  41  4:17  Hatchery  
  41  4:19  Drone  
  41  4:26  Drone  
  41  4:27  Drone  
  41  4:29  Drone  
  41  4:30  Drone  
  45  4:35  Drone x2  
  47  4:39  Drone  
  47  4:41  Drone  
  47  4:43  Drone  
  47  4:44  Drone  
  51  4:53  Lair  
  51  4:56  Drone  
  52  5:02  Drone  
  52  5:03  Drone x3  
  52  5:06  Overlord  
  56  5:10  Queen  
  58  5:29  Zergling x14  
  58  5:34  Overlord  
  65  5:43  Zergling x8  
  65  5:46  Queen  
  65  5:49  Queen  
  73  5:51  Drone x5  
  73  5:56  Overseer  
  78  5:59  Nydus Network  
  78  6:00  Overlord  
  78  6:03  Extractor x2  
  75  6:05  Zergling x4  
  75  6:06  Zergling x2  
  78  6:16  Queen  
  81  6:19  Zergling x12  
  81  6:20  Zergling x2  
  81  6:21  Zergling x2  
  89  6:37  Zergling x14  
  89  6:39  Overlord  
  96  6:44  Nydus Canal  
  98  6:58  Nydus Canal  
Show
View Real Time Build Order
Export as new Build Order

Lillekanin Terran 

Build Orders:  

Get SALT Encoding   

  12  0:00  SCV  
  13  0:13  SCV  
  14  0:19  Supply Depot  
  14  0:42  Barracks  
  14  0:48  Barracks  
  14  0:55  Refinery  
  14  1:03  Refinery  
  14  1:07  SCV  
  15  1:29  Orbital Command  
  15  1:33  Reaper  
  16  1:42  Reaper  
  17  1:55  SCV  
  18  2:05  Reaper  
  19  2:08  Supply Depot  
  19  2:14  SCV, Reaper  
  21  2:37  Reaper  
  21  2:41  SCV  
  23  2:46  Reaper  
  24  2:53  SCV  
  24  3:09  Reaper  
  24  3:10  SCV  
  26  3:18  Reaper  
  27  3:22  Factory  
  27  3:23  SCV  
  27  3:35  SCV  
  27  3:47  SCV  
  28  4:00  SCV  
  26  4:05  Command Center  
  26  4:07  Hellion  
  26  4:09  Starport  
  26  4:12  SCV  
  27  4:22  Supply Depot  
  27  4:24  SCV  
  27  4:28  Hellion  
  30  4:41  SCV  
  30  4:45  Marine x2  
  31  4:47  Viking  
  35  4:53  Hellion  
  39  5:11  SCV  
  36  5:19  Command Center  
  36  5:20  Starport Tech Lab  
  36  5:24  Factory Reactor  
  36  5:27  Orbital Command  
  36  5:28  SCV  
  37  5:40  Factory  
  37  5:41  Factory, Cloaking Field  
  37  5:45  SCV  
  37  5:47  Orbital Command  
  37  5:48  Banshee  
  41  6:03  Hellion x2  
  45  6:07  Armory  
  45  6:08  SCV  
  46  6:14  SCV  
  47  6:20  SCV  
  47  6:23  Factory Tech Lab  
  47  6:24  Factory Tech Lab  
  48  6:26  SCV  
  52  6:34  SCV  
  53  6:44  Supply Depot  
  53  6:45  Supply Depot  
  53  6:51  SCV  
Tags
 
Add a new tag
Caveats
  • Supply blocks, unpowered buildings, or Contaminate may cause inaccurate times.
  • Supply counts are checked every 10 seconds.